Map: 2000 Atmospheres LE

Players

HeroMarine - Winner!

  • Race: Terran Terran

sOs

  • Race: Protoss Protoss

Event: DreamHack SC2 Masters 2021 Fall

VOD

Have the link to the VOD?

Description

Time

  • Played on: Sept. 7, 2021, 10:07 a.m.
  • Length: 12:14

All games in this series

Show
View Real Time Build Order
Export as new Build Order

HeroMarine Terran - Winner!

Build Orders:  

Get SALT Encoding   

  12  0:00  SCV  
  13  0:12  SCV  
  14  0:17  Supply Depot  
  14  0:24  SCV  
  15  0:38  SCV  
  15  0:39  Barracks  
  16  0:44  Refinery  
  16  0:50  SCV  
  17  1:02  SCV  
  18  1:14  SCV  
  19  1:26  Marine  
  19  1:27  Orbital Command  
  20  1:34  Bunker  
  20  1:44  Marine  
  21  1:54  Supply Depot  
  21  1:57  SCV  
  22  2:02  Marine  
  23  2:16  SCV  
  23  2:19  Marine  
  25  2:28  SCV  
  25  2:32  Factory  
  25  2:40  SCV  
  25  2:41  Barracks Reactor  
  26  2:55  SCV  
  26  2:56  Command Center  
  27  3:07  SCV  
  27  3:11  Supply Depot  
  28  3:17  Hellion  
  28  3:19  SCV  
  31  3:21  Starport  
  31  3:25  Refinery  
  31  3:33  Marine x2, SCV  
  34  3:39  Widow Mine  
  36  3:45  SCV  
  37  3:51  Marine x2  
  39  4:07  Medivac  
  39  4:08  SCV, Widow Mine  
  39  4:09  Orbital Command  
  44  4:15  Barracks  
  44  4:17  Marine x2  
  44  4:20  SCV  
  47  4:28  Supply Depot  
  47  4:29  Factory Tech Lab  
  47  4:32  SCV  
  47  4:35  Marine x2, Orbital Command  
  47  4:38  Starport Tech Lab  
  50  4:44  SCV  
  51  4:46  Engineering Bay  
  51  4:52  Refinery  
  51  4:53  Siege Tank  
  51  4:56  SCV  
  54  5:09  SCV  
  54  5:11  Raven  
  54  5:13  SCV  
  57  5:17  Marine x2  
  57  5:19  Bunker  
  57  5:21  SCV  
  57  5:22  Barracks Tech Lab  
  57  5:25  SCV  
  57  5:28  Supply Depot  
  59  5:31  Supply Depot  
  59  5:32  Siege Tank  
  62  5:46  Barracks  
  62  5:47  Terran Infantry Weapons Level 1  
  62  5:49  Supply Depot, SCV x2  
  63  5:53  Marine  
  63  5:54  Marine  
  65  6:01  SCV x2  
  67  6:07  Marine, Stimpack  
  68  6:11  Marine x2  
  68  6:13  SCV, Barracks  
  68  6:14  SCV  
  68  6:15  Barracks  
  68  6:17  Starport Reactor  
  72  6:25  SCV  
  73  6:26  Refinery, SCV  
  73  6:28  Supply Depot  
  73  6:29  Factory Reactor  
  73  6:33  Marauder  
  73  6:36  Marine x2  
  73  6:37  SCV  
  73  6:38  SCV  
  75  6:44  Combat Shield, Marauder  
  76  6:49  SCV  
  76  6:50  SCV  
  74  6:55  Marauder  
  74  6:57  Marine  
  74  6:58  Marine  
  74  7:00  Medivac  
  80  7:01  Barracks Reactor  
  80  7:05  Marauder  
  80  7:07  Medivac  
  86  7:08  Widow Mine  
  86  7:10  Widow Mine  
  86  7:14  SCV  
  87  7:16  Supply Depot  
  87  7:18  Supply Depot  
  87  7:21  Marauder  
  89  7:24  Concussive Shells, Marauder  
  93  7:30  Widow Mine  
  93  7:37  Medivac  
  93  7:38  Widow Mine  
  93  7:41  Supply Depot  
  93  7:42  Supply Depot  
  97  7:47  Marauder x3  
  97  7:48  Marine x2  
  97  7:50  Marine  
  108  7:51  Widow Mine  
  108  7:53  Marine  
  109  8:05  Supply Depot  
  108  8:08  Marauder x2  
  108  8:09  Marine x3  
  114  8:13  Medivac x2  
  114  8:15  Widow Mine x2  
  114  8:18  Marine, Marauder  
  125  8:27  Marine x2  
  125  8:29  Marine  
  125  8:30  Marauder x2  
  125  8:33  Missile Turret  
  130  8:39  Marauder  
  128  8:47  Marine  
  117  8:49  Marine  
  117  8:51  Marauder  
  112  8:59  Marauder  
  105  9:09  Marine x2, Missile Turret  
  78  9:10  Medivac  
  101  9:15  Marine x2  
  105  9:20  Marine  
  105  9:21  Widow Mine x2  
  110  9:25  Marauder  
  110  9:28  Marauder  
  110  9:39  Marauder  
  104  9:46  Marauder  
  104  9:49  Marauder  
  98  9:55  Marine  
  98  9:58  Marine x2  
  98  9:59  Widow Mine x2, Medivac  
  98  10:00  Marauder  
  98  10:02  Medivac  
  102  10:07  Marine  
  102  10:08  Marauder  
  102  10:11  Marauder  
  103  10:21  Marauder  
  103  10:22  Marine x2  
  103  10:27  Marine x2  
  99  10:29  Marauder  
  99  10:32  Marauder  
  96  10:37  Widow Mine x2  
  96  10:38  Medivac  
  104  10:43  Marauder  
  104  10:48  Medivac  
  104  10:49  Marine x2  
  108  10:50  Marauder  
  108  10:52  Marine x2  
  108  10:54  Marauder  
  114  11:00  Widow Mine  
  118  11:04  Marauder  
  118  11:09  Widow Mine  
  116  11:12  Marauder  
  116  11:13  Marine x2  
  116  11:18  Marine, Marauder  
  123  11:21  Marine  
  126  11:26  Marauder  
  126  11:31  Marine  
  127  11:35  Marauder  
  113  11:43  Marauder  
  113  11:46  Marine x2  
Show
View Real Time Build Order
Export as new Build Order

sOs Protoss 

Build Orders:  

Get SALT Encoding   

  12  0:01  Probe  
  13  0:13  Probe  
  14  0:24  Pylon  
  14  0:25  Probe  
  15  0:39  Pylon  
  15  0:43  Probe  
  16  0:57  Gateway  
  16  1:00  Gateway  
  16  1:02  Probe  
  17  1:15  Probe  
  18  1:19  Gateway  
  18  1:27  Probe  
  19  1:39  Probe  
  20  1:42  Assimilator  
  20  1:44  Pylon  
  20  1:45  Zealot (Chrono Boost)  
  20  1:51  Probe  
  23  1:56  Cybernetics Core  
  23  2:05  Zealot (Chrono Boost)  
  27  2:09  Probe  
  28  2:23  Probe  
  28  2:25  Zealot  
  28  2:28  Warp Gate (Chrono Boost)  
  29  2:35  Probe  
  30  2:43  Nexus  
  25  2:57  Gateway  
  27  3:04  Assimilator, Probe  
  26  3:09  Pylon  
  26  3:15  Gateway  
  24  3:27  Shield Battery, Probe  
  24  3:30  Gateway  
  25  3:37  Shield Battery  
  25  3:40  Probe  
  26  3:52  Probe  
  27  3:56  Probe  
  27  4:02  Stalker  
  30  4:08  Probe x2  
  31  4:14  Robotics Facility  
  31  4:15  Stalker  
  33  4:23  Probe  
  35  4:24  Probe  
  35  4:27  Stalker  
  37  4:32  Stalker  
  37  4:37  Probe x2  
  41  4:41  Pylon  
  41  4:46  Stalker  
  43  4:53  Probe x2  
  45  5:00  Stalker  
  45  5:03  Observer (Chrono Boost)  
  46  5:15  Probe x2  
  46  5:16  Pylon  
  46  5:18  Stalker x2  
  52  5:22  Warp Prism (Chrono Boost)  
  54  5:32  Pylon  
  54  5:34  Probe x2  
  56  5:36  Twilight Council  
  56  5:51  Observer  
  56  5:52  Pylon  
  56  5:54  Probe x2  
  56  5:56  Sentry  
  61  5:58  Assimilator  
  61  6:00  Stalker  
  62  6:06  Probe x2  
  64  6:13  Charge (Chrono Boost)  
  64  6:16  Nexus  
  64  6:20  Probe x2  
  66  6:27  Shield Battery  
  66  6:30  Dark Shrine  
  66  6:32  Forge  
  66  6:43  Probe x2  
  68  7:01  Gateway  
  68  7:02  Gateway  
  68  7:03  Protoss Ground Weapons Level 1 (Chrono Boost)  
  68  7:04  Observer  
  68  7:05  Gateway  
  68  7:07  Stalker, Zealot  
  70  7:08  Probe  
  70  7:09  Gateway, Probe  
  70  7:11  Gateway  
  72  7:16  Observer, Immortal (Chrono Boost)  
  72  7:20  Observer, Sentry  
  78  7:31  Pylon  
  78  7:32  Probe x3  
  81  7:43  Sentry  
  83  7:44  Dark Templar  
  83  7:50  Photon Cannon  
  85  7:51  Observer  
  85  7:52  Probe x3  
  85  7:53  Pylon  
  88  8:00  Dark Templar  
  88  8:02  Zealot  
  88  8:03  Zealot x2  
  94  8:07  Photon Cannon  
  94  8:09  Pylon  
  94  8:15  Immortal  
  98  8:22  Probe x3  
  98  8:24  Pylon, Stalker x2  
  105  8:29  Zealot x2  
  105  8:33  Zealot  
  100  8:46  Zealot x3  
  78  8:58  Zealot x4  
  76  9:06  Zealot x3  
  76  9:08  Zealot  
  72  9:18  Shield Battery  
  72  9:19  Stalker x2  
  72  9:20  Sentry x2  
  80  9:28  Sentry  
  80  9:29  Zealot x3  
  88  9:43  Zealot x4  
  80  9:49  Zealot x3  
  74  9:59  Zealot  
  72  10:01  Immortal (Chrono Boost)  
  72  10:05  Zealot  
  72  10:06  Zealot x3  
  78  10:15  Zealot x3  
  78  10:21  Zealot  
  74  10:28  Zealot x3  
  74  10:29  Zealot x2  
  74  10:37  Stalker x3  
  80  10:44  Immortal (Chrono Boost)  
  84  10:51  Photon Cannon  
  84  10:52  Sentry  
  86  11:01  Zealot x3  
  92  11:14  Dark Templar, Zealot x2  
  92  11:15  Zealot  
  100  11:21  Pylon  
  100  11:40  Sentry, Zealot  
  100  11:41  Zealot x4  
  90  12:01  Zealot x5  

Tags
 
Add a new tag
Caveats
  • Supply blocks, unpowered buildings, or Contaminate may cause inaccurate times.
  • Supply counts are checked every 10 seconds.